AoeStats
← 8

Arena

510768347Analyzed
4v4 RM · 22h ago on Oct 2, 2026· 17m 49s· 8 players
Game mode
Random Map
Map size
Large (8 player)
Population
200
Speed
Normal
Resources
Standard
Victory
Conquest
Starting age
Dark Age
Ending age
Imperial Age
RankedLock teamsTeams togetherTeam positionsShared explorationLock speedFull tech treeHidden civsTurbo modeCheats
Victory
Defeat
🇺🇸 Khmer · United States
1224
+13
🇮🇳 Hindustanis · India
1199
+14
🇺🇸 Shu · United States
1183
+15
🇨🇳 Franks · China
1112
+18
🇭🇰 Britons · Hong Kong SAR China
1223
-18
🇦🇺 Portuguese · Australia
1161
-15
🇻🇳 Mongols · Vietnam
1125
-14
🇨🇳 Bengalis · China
1117
-13
MerDE
10:06 Feudal Age
8:53 Loom
14:11 Castle Age
12:34 Double-Bit Axe
12:31 Horse Collar
16:57 Fervor
17:27 Heavy Plow
慌狂的鼹鼠
10:24 Feudal Age
14:37 Castle Age
12:30 Double-Bit Axe
12:33 Horse Collar
16:06 Bow Saw
MegaPanda
1:02 Loom
10:37 Feudal Age
15:12 Castle Age
13:19 Horse Collar
15:40 Castle Age
nguyenhoanglan060
10:47 Feudal Age
14:55 Castle Age
13:24 Double-Bit Axe
13:56 Horse Collar
16:18 Bow Saw
16:10 Heavy Plow
dragonlee66
10:27 Feudal Age
14:48 Castle Age
13:00 Double-Bit Axe
Doji
10:52 Feudal Age
11:49 Loom
15:01 Castle Age
13:11 Double-Bit Axe
8
9:51 Feudal Age
14:14 Castle Age
12:11 Double-Bit Axe
16:03 Fletching
17:45 Crossbowman
Ra
10:47 Feudal Age
11:26 Loom
13:48 Castle Age
12:02 Double-Bit Axe
12:36 Horse Collar
18:12 Scale Barding Armor
18:23 Bloodlines
Connection lost

Rejoining the realm…

Still unreachable

The connection could not be restored.

Session expired

The server has moved on; the page needs a fresh start.